 Dungeon Crawl Stone Soup version 0.27-a0-705-ga0013940fb (webtiles) character file.

Game seed: 5163244852733750896

232 wakim the Stinger (level 6, -2/36 HPs)
             Began as an Octopode Venom Mage on Mar 22, 2021.
             Was an Initiate of Vehumet.
             Slain by Pikel
             ... wielding a +0 whip of flaming
              (4 damage)
             ... on level 2 of the Dungeon.
             The game lasted 00:10:39 (3739 turns).

wakim the Stinger (Octopode Venom Mage)             Turns: 3739, Time: 00:10:40

Health: -2/36      AC:  1    Str:  7    XL:     6   Next: 4%
Magic:  1/9        EV: 13    Int: 19    God:    Vehumet [......]
Gold:   42         SH:  5    Dex: 13    Spells: 2/9 levels left

rFire    . . .     SeeInvis .   a - staff of poison
rCold    . . .     Faith    .   (no shield)
rNeg     . . .     Spirit   .   (helmet restricted)
rPois    +         Reflect  +   b - amulet of reflection
rElec    .         Harm     .   (no ring)
rCorr    .         Rampage  .   (no ring)
Will     .....                  (no ring)
Stlth    +++.......             (no ring)
HPRegen  0.12/turn              (no ring)
MPRegen  0.11/turn              (no ring)
                                (no ring)
                                (no ring)

@: no status effects
A: almost no armour, amphibious, 8 rings, camouflage 1, gelatinous body 1,
nimble swimmer 1, tentacles
a: Renounce Religion


You were on level 2 of the Dungeon.
You worshipped Vehumet.
Vehumet was noncommittal.
You visited 1 branch of the dungeon, and saw 4 of its levels.

You collected 42 gold pieces.

Inventory:

Missiles
 d - 57 sling bullets
 e - 4 poisoned darts
Magical Staves
 a - a staff of poison (weapon)
Jewellery
 b - an amulet of reflection (around mantle)
 c - a +4 ring of evasion
Potions
 J - 3 potions of curing {@q1}
 N - a potion of heal wounds {@q2}
 Q - 2 potions of magic


   Skills:
 + Level 2.7 Staves
 - Level 2.0 Dodging
 - Level 4.0 Stealth
 * Level 2.0 Spellcasting
 - Level 1.0 Transmutations
 - Level 6.0 Poison Magic
 + Level 1.9 Evocations


You had 2 spell levels left.
You knew the following spells:

 Your Spells              Type           Power      Damage    Failure   Level
a - Sting                 Tmut/Pois      88%        1d7       4%          1
s - Poisonous Vapours     Pois/Air       38%        N/A       8%          2
w - Olgreb's Toxic Radia  Pois           37%        N/A       14%         4

Your spell library contained the following spells:

 Spells                   Type           Power      Damage    Failure   Level
 Magic Dart               Conj           4%         1d3       17%         1
 Blink                    Tloc           N/A        N/A       26%         2
 Call Imp                 Summ           1%         N/A       26%         2
 Slow                     Hex            1%         N/A       26%         2
 Ignite Poison            Fire/Tmut/Pois 16%        N/A       19%         3
 Mephitic Cloud           Conj/Pois/Air  14%        N/A       22%         3
 Conjure Flame            Conj/Fire      1%         6-21      45%         3


Dungeon Overview and Level Annotations

Branches:
Dungeon (4/15)
 Temple: D:4-7

Altars:
Ashenzari
Sif Muna
Vehumet

Annotations:
D:2 Pikel


Innate Abilities, Weirdness & Mutations

You cannot wear most types of armour.
You are amphibious.
You can wear up to eight rings at the same time.
Your skin changes colour to match your surroundings (Stealth+).
Your rubbery body absorbs attacks. (AC +1, EV +1)
You are stealthy while swimming. (Stealth+)
You have tentacles for arms and can constrict up to eight enemies at once.


Message History

Aim: Pikel, wielding a +0 whip of flaming and wearing a +0 robe (moderately wounded)
You feel a surge of power!
Poisonous vapours surround Pikel!
Casting: Poisonous Vapours (safe; 8% risk of failure)
Confirm with . or Enter, or press ? or * to list all spells.
Aiming: Poisonous Vapours (safe; 8% risk of failure)
Press: ? - help, Dir - move target, f/p - Pikel
Aim: Pikel, wielding a +0 whip of flaming and wearing a +0 robe (moderately wounded)
You feel a surge of power!
You miscast Poisonous Vapours.
You are very lightly contaminated with residual magic.
Nothing appears to happen.
Press: ? - help, v - describe, . - travel
Here: Pikel, wielding a +0 whip of flaming and wearing a +0 robe (moderately wounded)
The floor.
Pikel says, "I knew I should've brought a map."
Your magical contamination has completely faded away.
Casting: Poisonous Vapours (safe; 8% risk of failure)
Confirm with . or Enter, or press ? or * to list all spells.
The spell is quite dangerous to cast (14% risk of failure)!
Continue anyway?
You feel a surge of power!
You begin to radiate toxic energy.
Pikel is poisoned.
Pikel looks even sicker.
Your toxic aura wanes.
Casting: Olgreb's Toxic Radiance (quite dangerous; 14% risk of failure)
Confirm with . or Enter, or press ? or * to list all spells.
The spell is quite dangerous to cast (14% risk of failure)!
Continue anyway?
You feel a surge of power!
You begin to radiate toxic energy.
Pikel looks even sicker.
Your toxic aura wanes.
You barely miss Pikel. Your grab misses Pikel. Your squeeze misses Pikel.
Pikel is almost dead.
Pikel hits you with a +0 whip of flaming!
* * * LOW HITPOINT WARNING * * *
Pikel burns you.
* * * LOW HITPOINT WARNING * * *
You hit Pikel but do no damage.
You envenom Pikel.
Pikel looks even sicker.
Your grab misses Pikel.
Pikel is almost dead.
Pikel hits you with a +0 whip of flaming!
* * * LOW HITPOINT WARNING * * *
Pikel burns you.
You die...

######....#.###....######.....(.#
####.#.# #....# ######### #.#.#
#....# #...#..# #.#.# ####.####
#.#.#..#
#.#.#####.....####.#<#..#
#.#>.....................
#.#######.###.##.#......#
#.#######.###..#.#####.##
#......K@.#....#.# #...
###########.####.# #..#
#..............# #..#
###########.....†.....#### #..#
#.....................# #..#
#........)............########...
#......)....#######'#.#..........
#...........# #.#............
#....)......# #.###.######.##


You could see Pikel (very poisoned).

Vanquished Creatures
  An orc warrior (D:3)
  An orc priest (D:3)
  A jelly (D:2)
  An adder (D:3)
  2 dart slugs
  8 orcs
  8 ball pythons
  4 giant cockroaches
  5 goblins
  4 hobgoblins
  3 jackals (D:2)
  7 kobolds
  4 oozes
  4 bats
  4 frilled lizards
  7 rats
64 creatures vanquished.

Notes
Turn   | Place    | Note
-------+----------+-------------------------------------------
     0 | D:1      | wakim the Octopode Venom Mage began the quest for the Orb.
     0 | D:1      | Reached XP level 1. HP: 11/11 MP: 3/3
    35 | D:1      | Reached skill level 4 in Poison Magic
   404 | D:1      | Reached XP level 2. HP: 17/17 MP: 3/5
   407 | D:1      | Learned a level 2 spell: Poisonous Vapours
  1087 | D:1      | Reached XP level 3. HP: 21/21 MP: 3/6
  1138 | D:1      | Reached skill level 5 in Poison Magic
  1626 | D:2      | Reached XP level 4. HP: 27/27 MP: 4/7
  1735 | D:2      | Learned a level 4 spell: Olgreb's Toxic Radiance
  1788 | D:2      | Found a broken altar of Ashenzari.
  2265 | D:2      | Found a radiant altar of Vehumet.
  2290 | D:2      | Became a worshipper of Vehumet
  2779 | D:3      | Found a shimmering blue altar of Sif Muna.
  2781 | D:3      | Noticed an orc warrior
  2799 | D:3      | Reached skill level 1 in Staves
  2799 | D:3      | Reached skill level 1 in Evocations
  2799 | D:3      | Reached XP level 5. HP: 31/31 MP: 0/8
  2894 | D:3      | Killed an orc warrior
  2895 | D:3      | Reached skill level 6 in Poison Magic
  3248 | D:3      | Reached XP level 6. HP: 36/36 MP: 5/9
  3611 | D:3      | You fall into a shaft and drop 1 floor!
  3614 | D:4      | Noticed Pikel
  3739 | D:2      | Slain by Pikel

Illustrated notes

Levels and vault maps discovered:
D:1:      dpeg_arrival_pits, layout_basic
D:2:      layout_basic, vehumet_crystals, ashenzari_conservatory_becter
D:3:      layout_basic, overflow_temple_1_default, grunt_gozag_statues
D:4:      layout_basic, kennysheep_little_box, uniq_menkaure, uniq_pikel

Skill      XL: |  1  2  3  4  5 |
---------------+----------------+-----
Poison Magic   | 4 5 6 |  6.0
Stealth        | 3 4 |  4.0
Staves         | 1 2 |  2.7
Evocations     | 1 |  1.9
Dodging        | |  2.0
Spellcasting   | |  2.0
Transmutations | |  1.0

Action                   |  1- 3 |  4- 6 || total
-------------------------+-------+-------++-------
Melee: Unarmed           |     5 |       ||     5
       Constrict         |     2 |     8 ||    10
       Tentacles         |     2 |     3 ||     5
       Short sword       |     4 |       ||     4
       Staff             |     1 |    36 ||    37
 Cast: Sting             |     9 |       ||     9
       Poisonous Vapours |    23 |    21 ||    44
       Olgreb's Toxic Ra |       |     7 ||     7
  Use: Scroll            |     1 |     5 ||     6
 Stab: Sleeping          |     1 |     2 ||     3
Armor: Skin              |     2 |     1 ||     3
Dodge: Dodged            |     4 |    23 ||    27
Block: Other             |       |    10 ||    10

Table legend: (Time is in decaauts)
 A = Elapsed time spent in this place.
 B = Non-inter-level travel time spent in this place.
 C = Inter-level travel time spent in this place.
 D = Time resting spent in this place.
 E = Time spent auto-exploring this place.
 F = Levels seen in this place.
 G = Mean time per level.
                   A        B        C        D        E       F      G
               +--------+--------+--------+--------+--------+-----+--------+
         Total |   3743 |   3718 |     25 |      0 |   3154 |   4 |  935.8 |
       Dungeon |   3743 |   3718 |     25 |      0 |   3154 |   4 |  935.8 |
               +--------+--------+--------+--------+--------+-----+--------+

Top non-repeatable levels by time:
     D:1: 1467 daAuts
     D:2: 1416 daAuts
     D:3: 834 daAuts
     D:4: 23 daAuts
